 Dungeon Crawl Stone Soup version 0.27.0-1-g7a089689b8 (webtiles) character file.

Game seed: 18154885812973520475

121 pkoi the Chopper (level 4, -10/37 HPs)
             Began as a Minotaur Gladiator on Aug 2, 2021.
             Was an Initiate of Trog.
             Mangled by an ogre (17 damage)
             ... on level 4 of the Dungeon.
             The game lasted 00:02:23 (3337 turns).

pkoi the Chopper (Minotaur Gladiator)               Turns: 3337, Time: 00:02:25

Health: -10/37     AC:  5    Str: 19    XL:     4   Next: 76%
Magic:  3/3        EV: 12    Int:  5    God:    Trog [......]
Gold:   161        SH:  0    Dex: 12    Spells: 3/3 levels left

rFire    . . .     SeeInvis .   a - +0 war axe
rCold    . . .     Faith    .   (no shield)
rNeg     . . .     Spirit   .   b - +0 leather armour
rPois    .         Reflect  .   c - +0 hat
rElec    .         Harm     .   e - +0 cloak
rCorr    .         Rampage  .   t - +0 pair of gloves
Will     .....                  (no boots)
Stlth    +.........             (no amulet)
HPRegen  0.12/turn              (no ring)
MPRegen  0.08/turn              (no ring)

@: no status effects
A: horns 2, retaliatory headbutt
a: Renounce Religion


You were on level 4 of the Dungeon.
You worshipped Trog.
Trog was noncommittal.
You visited 1 branch of the dungeon, and saw 4 of its levels.

You collected 161 gold pieces.

Inventory:

Hand Weapons
 a - a +0 war axe (weapon)
Missiles
 d - 3 throwing nets
 n - 14 poisoned darts (quivered)
Armour
 b - a +0 leather armour (worn)
 c - a +0 hat (worn)
 e - a +0 cloak (worn)
 t - a +0 pair of gloves (worn)
Jewellery
 s - a ring of flight
Wands
 k - a wand of polymorph (8)
Scrolls
 f - a scroll of holy word {unknown}
 h - a scroll of blinking {unknown}
 i - 2 scrolls of teleportation {unknown}
 l - 4 scrolls of identify {unknown}
 p - a scroll of enchant armour {unknown}
 q - a scroll of noise {unknown}
 r - a scroll of immolation {unknown}
Potions
 g - a potion of curing {unknown}
 j - a potion of mutation {unknown}
 m - a potion of lignification {unknown}
 o - a potion of magic {unknown}


   Skills:
 - Level 2.4 Fighting
 + Level 6.7 Axes
 - Level 2.0 Throwing
 - Level 3.2 Dodging


You had 3 spell levels left.
You didn't know any spells.
Your spell library was empty.

Dungeon Overview and Level Annotations

Branches:
Dungeon (4/15)
 Temple: D:4-7

Altars:
Sif Muna
Trog
Uskayaw


Innate Abilities, Weirdness & Mutations

You have a pair of horns on your head.
You reflexively headbutt those who attack you in melee.


Message History

There are monsters nearby!
There are monsters nearby!
There are monsters nearby!
You barely miss the hobgoblin.
The endoplasm quivers.
The hobgoblin completely misses you.
You barely miss the hobgoblin. The hobgoblin closely misses you.
You furiously retaliate!
You headbutt the hobgoblin!
You kill the hobgoblin!
Trog accepts your kill.
The kobold throws a stone.
The stone closely misses you. The kobold hits you with a +0 club.
You closely miss the kobold. You hit the endoplasm. The endoplasm hits you.
The kobold hits you with a +0 club.
Unknown command.
You hit the endoplasm. You headbutt the endoplasm.
You kill the endoplasm!
Trog accepts your kill.
You hit the kobold.
You kill the kobold!
Trog accepts your kill.
No target in view!
No target in view!
No target in view!
HP restored.
Things that are here:
a +0 club; 4 stones; a kobold corpse An ogre comes into view.
It is wielding a +0 giant spiked club.
The ogre shouts!
An ogre is nearby!
An ogre is nearby!
An ogre is nearby!
The ogre hits you with a +0 giant spiked club!!
Ouch! That really hurt!
* * * LOW HITPOINT WARNING * * *
You are too injured to fight recklessly!
You slash the ogre! You headbutt the ogre!
The ogre is severely wounded.
The ogre hits you with a +0 giant spiked club!
You die...

##......#
##....<###
##.......##
#.....)...#
#.........###.##
#...............
...........###.##
...........###..
........@.......
##......O..###..
#.........#
#.........#
#.........#
...........
.#.........#
##.........


You could see an ogre.

Vanquished Creatures
  4 adders
  3 worms
  2 orcs (D:3)
  9 ball pythons
  4 bats
  5 endoplasms
  4 goblins
  11 hobgoblins
  11 kobolds
  3 quokkas
  7 frilled lizards
  7 rats
70 creatures vanquished.

Notes
Turn   | Place    | Note
-------+----------+-------------------------------------------
     0 | D:1      | pkoi the Minotaur Gladiator began the quest for the Orb.
     0 | D:1      | Reached XP level 1. HP: 18/18 MP: 0/0
   123 | D:1      | Reached skill level 4 in Axes
   268 | D:1      | Reached XP level 2. HP: 25/25 MP: 1/1
   409 | D:1      | Found a faded altar of an unknown god.
   800 | D:2      | Reached skill level 5 in Axes
   843 | D:2      | Reached XP level 3. HP: 6/30 MP: 2/2
  1599 | D:2      | Reached skill level 6 in Axes
  1599 | D:2      | Reached XP level 4. HP: 27/37 MP: 3/3
  2725 | D:3      | Found a hide-covered altar of Uskayaw.
  2725 | D:3      | Found a shimmering blue altar of Sif Muna.
  3113 | D:3      | Found a bloodstained altar of Trog.
  3122 | D:3      | Became a worshipper of Trog the Wrathful
  3333 | D:4      | Noticed an ogre
  3337 | D:4      | Mangled by an ogre

Illustrated notes

Levels and vault maps discovered:
D:1:      dpeg_arrival_boxorama, layout_rooms,
          shapermc_ecumenical_altar_starsandcircs
D:2:      layout_basic, minmay_bisected
D:3:      layout_loops_ring, trog_butcher_becter,
          chequers_temple_overflow_statue_of_worship,
          amcnicky_mini_corridor_feature
D:4:      layout_rooms

Skill      XL: |  1  2  3 |
---------------+----------+-----
Axes           | 4 5 6 |  6.7
Fighting       | |  2.4
Throwing       | |  2.0
Dodging        | |  3.2

Action                   |  1- 3 |  4- 6 || total
-------------------------+-------+-------++-------
Melee: War axe           |    67 |    56 ||   123
       Headbutt          |     9 |     5 ||    14
  Use: Potion            |     1 |       ||     1
Armor: Leather armour    |    13 |     9 ||    22
Dodge: Dodged            |    47 |    33 ||    80
